 Dungeon Crawl Stone Soup version 0.21.1-1-g345015f (webtiles) character file.

3 inc the Scratcher (level 1, 0/9 HPs)
             Began as a Felid Transmuter on Feb 21, 2018.
             Slain by a giant cockroach (1 damage)
             ... on level 1 of the Dungeon.
             The game lasted 00:00:31 (158 turns).

inc the Scratcher (Felid Transmuter)                 Turns: 158, Time: 00:00:32

Health: 0/9        AC:  1    Str:  6    XL:     1   Next: 41%
Magic:  4/4        EV: 18    Int: 14    God:
Gold:   20         SH:  0    Dex: 16    Spells: 3/4 levels left
                                        Lives:  0   Deaths: 0

rFire    . . .     SeeInvis +     - Unarmed
rCold    . . .     Gourm    .   (shield unavailable)
rNeg     . . .     Faith    .   (armour unavailable)
rPois    .         Spirit   .   (helmet unavailable)
rElec    .         Reflect  .   (cloak unavailable)
rCorr    .         Harm     .   (gloves unavailable)
MR       .....                  (boots unavailable)
Stlth    ++........             (no amulet)
HPRegen  0.03/turn              (no ring)
MPRegen  0.09/turn              (no ring)

@: quick
A: very small, no armour, no weapons or thrown items, stealth, claws 1, fangs 3,
see invisible, carnivore, speed 1, shaggy fur 1, slow metabolism 1, sharp paws
a: no special abilities


You were on level 1 of the Dungeon.
You were not hungry.

You visited 1 branch of the dungeon, and saw 1 of its levels.

You collected 20 gold pieces.

Inventory:

Missiles
 a - 12 arrows
Scrolls
 e - 2 scrolls of identify {unknown}
 f - a scroll of teleportation {unknown}
Potions
 d - a potion of mutation {unknown}
Books
 b - a book of Changes

   Spells                             Type                      Level
   a - Beastly Appendage              Transmutation                1
   b - Sticks to Snakes               Transmutation                2
   c - Spider Form                    Transmutation/Poison         3
   d - Ice Form                       Ice/Transmutation            4
   e - Blade Hands                    Transmutation                5
Comestibles
 c - 3 rations


   Skills:
 + Level 1.0 Fighting
 + Level 2.7 Dodging
 + Level 3.1 Unarmed Combat
 + Level 2.0 Spellcasting
 + Level 2.2 Transmutations


You had 3 spell levels left.
You knew the following spells:

 Your Spells              Type           Power        Failure   Level  Hunger
a - Beastly Appendage     Tmut           #.....       10%         1    ##.....


Dungeon Overview and Level Annotations

Branches:
Dungeon (1/15)

Altars:


Innate Abilities, Weirdness & Mutations

You cannot wear armour.
You are incapable of wielding weapons or throwing items.
Your paws allow you to move quietly. (Stealth)
You have sharp claws.
You have razor-sharp teeth.
You have supernaturally acute eyesight. (SInv)
You are carnivorous and can eat meat at any time.
You cover ground quickly.
You are covered in fur. (AC +1)
You have a slow metabolism.
Your sharp claws are effective at attacking unaware monsters.


Message History

A giant cockroach comes into view.
Casting: Beastly Appendage
Confirm with . or Enter, or press ? or * to list all spells.
You grow a pair of large bovine horns.
The ooze barely misses you.
You scratch the ooze. Your headbutt misses the ooze.
The ooze is heavily wounded.
Your transformation is almost over.
The kobold completely misses you. The ooze closely misses you.
You scratch the kobold.
You kill the kobold!
The ooze hits you. x2
* * * LOW HITPOINT WARNING * * *
Your horns disappear.
A dart slug comes into view.
Found a ring mail.
You see here 4 gold pieces.
You see here a kobold corpse.
The giant cockroach misses you. The kobold closely misses you.
The giant cockroach bites you.
You die...

...########......
..........#......
.................
#####....#......
#............# #.#..#########
###.#..# ....... ####...#..#
#...... . ######.@..#....#
.#...#. .. #..)#Ks###.....#
..#...# .K. #.#..J## #.....#
...#... .... ##.†(..####...###
....#.# .....#...#K....>.....#
.....#.
..........J#.........#...#.#..
.....[.....#..............#...
.###.................#.....#..
#.........$.........#.....##.


You could see 2 oozes, a giant cockroach and 2 kobolds.

Vanquished Creatures
  4 kobolds (D:1)
  A rat (D:1)
5 creatures vanquished.

Notes
Turn   | Place    | Note
-------+----------+-------------------------------------------
     0 | D:1      | inc the Felid Transmuter began the quest for the Orb.
     0 | D:1      | Reached XP level 1. HP: 9/9 MP: 4/4
   158 | D:1      | Slain by a giant cockroach

Action                   || total
-------------------------++-------
Melee: Unarmed           ||    10
       Headbutt          ||     1
       Bite              ||     1
 Cast: Beastly Appendage ||     3
Dodge: Dodged            ||    10
